[Event "2nd Serbian League-Vojvodina 2023"]
[Site "Novi Sad"]
[Date "2023.11.04"]
[Round "3.4"]
[White "Telecki, Ivan"]
[Black "Dimitrijevic, Nenad"]
[Result "0-1"]
[ECO "B22"]
[WhiteElo "2260"]
[BlackElo "2196"]
[Annotator "RC"]
[PlyCount "76"]
[EventDate "2023.10.22"]
[EventType "team-tourn"]
[EventCountry "SRB"]
[SourceTitle "playchess.com"]
[Source "ChessBase"]
[SourceQuality "1"]
[TimeControl "40/5400+30:1800+30"]

1. e4 c5 2. c3 d5 3. exd5 Qxd5 4. d4 Nf6 5. Nf3 Bg4 6. Be2 e6 7. O-O Be7 8. h3 Bh5 9. c4 Qd8 10. Qa4+ Qd7 11. Qb3 Nc6 12. d5 exd5 13. cxd5 Bxf3 14. Bxf3 Nd4 15. Qd3 Nxf3+ 16. Qxf3 Qxd5 17. Qe2 Qe6 18. Qb5+ Qd7 19. Nc3 Qxb5 20. Nxb5 Kd7 21. Bf4 Kc6 22. Rfe1 Nd5 23. Nc7 Nxf4 24. Rxe7 Rac8 25. Rxf7 Nxh3+ 26. gxh3 Rxc7 27. Rf5 Rd8 28. Rc1 Rd5 29. Rxd5 Kxd5 30. Kg2 b5 31. Kf3 c4 32. Ke3 Re7+ 33. Kd2 Re4 34. Rg1 g6 35. Kc3 Rf4 36. Rd1+ Kc5 37. Rd2 Rf3+ 38. Kc2 Rxh3 0-1

[Event "2nd Serbian League-Vojvodina 2023"]
[Site "Novi Sad"]
[Date "2023.11.04"]
[Round "3.5"]
[White "Sokic, Dragomir"]
[Black "Varga, Robert"]
[Result "0-1"]
[ECO "B10"]
[WhiteElo "2095"]
[BlackElo "2043"]
[Annotator "NA RC"]
[PlyCount "90"]
[EventDate "2023.10.22"]
[EventType "team-tourn"]
[EventCountry "SRB"]
[SourceTitle "playchess.com"]
[Source "ChessBase"]
[SourceQuality "1"]
[TimeControl "40/5400+30:1800+30"]

1. e4 c6 2. d3 d5 3. Nd2 g6 4. Ngf3 Bg7 5. g3 e5 6. Bg2 Ne7 7. Qe2 d4 8. Nc4 Qc7 9. Bd2 Nd7 10. h4 h5 11. a4 a5 12. Bh3 f6 13. g4 hxg4 14. Bxg4 Nf8 15. Bxc8 Nxc8 16. Ng1 Rh5 17. Qg4 Nd6 18. b3 Nxc4 19. bxc4 Qd7 20. Qg2 Bh6 21. Ne2 Bxd2+ 22. Kxd2 Qh7 23. Rab1 Qh6+ 24. Kd1 O-O-O 25. Qg4+ f5 26. Qh3 g5 27. Qxf5+ Nd7 28. Ng3 Rxh4 29. Rxh4 gxh4 30. Qh3 Qg5 31. Ne2 Kc7 32. Qh2 Rf8 33. Nxd4 Nc5 34. Nf5 Re8 35. Ke2 Nxa4 36. Rg1 Nc3+ 37. Kf3 Qh5+ 38. Kg2 Rg8+ 39. Ng3 Qg4 40. Kh1 Qf3+ 41. Rg2 Rg4 42. Nf1 h3 43. Qxe5+ Kb6 44. c5+ Ka6 45. Ne3 hxg2+ 0-1

[Event "2nd Serbian League-Vojvodina 2023"]
[Site "Novi Sad"]
[Date "2023.11.04"]
[Round "3.6"]
[White "Santrac, Bozo"]
[Black "Leskovac, Nikola"]
[Result "0-1"]
[ECO "B15"]
[WhiteElo "1972"]
[BlackElo "1927"]
[Annotator "NA RC"]
[PlyCount "118"]
[EventDate "2023.10.22"]
[EventType "team-tourn"]
[EventCountry "SRB"]
[SourceTitle "playchess.com"]
[Source "ChessBase"]
[SourceQuality "1"]
[TimeControl "40/5400+30:1800+30"]

1. e4 c6 2. d4 d5 3. Nc3 dxe4 4. Nxe4 Nf6 5. Ng3 h5 6. h4 g6 7. Bg5 Bg7 8. Qd2 O-O 9. Bc4 b5 10. Bb3 c5 11. dxc5 Qxd2+ 12. Bxd2 Bb7 13. Nf3 Nbd7 14. c6 Bxc6 15. O-O Ng4 16. c3 Bxf3 17. gxf3 Nge5 18. Kg2 Nc5 19. Be3 Ncd3 20. Rab1 Nc4 21. Bxc4 bxc4 22. Ne4 Rfc8 23. Rfd1 Be5 24. b3 f5 25. Ng5 f4 26. Bd4 Bxd4 27. cxd4 Nb4 28. bxc4 Rxc4 29. a3 Nd5 30. Rb7 Rc2 31. Rdb1 Rac8 32. Rb8 Rxb8 33. Rxb8+ Kg7 34. Rd8 Ne3+ 35. Kg1 Nf5 36. Ne6+ Kf6 37. Nxf4 Nxh4 38. Rf8+ Kg7 39. Ne6+ Kh7 40. Rf4 Nf5 41. Re4 Ra2 42. d5 Rxa3 43. Kg2 a5 44. Rc4 Ra2 45. Kg1 a4 46. Rc8 Ra1+ 47. Kh2 Rd1 48. Ra8 Rxd5 49. Rxa4 Rd2 50. Kg1 Kg8 51. Ra8+ Kf7 52. Ng5+ Kg7 53. f4 Nd4 54. Kg2 Re2 55. Kg3 Re1 56. Rd8 Ne6 57. Rd7 Nxg5 58. fxg5 Kf7 59. Rd5 e5 0-1

[Event "2nd Serbian League-Vojvodina 2023"]
[Site "Novi Sad"]
[Date "2023.11.04"]
[Round "3.8"]
[White "Farkas, Sandor I"]
[Black "Jocev, Milan"]
[Result "0-1"]
[ECO "D02"]
[WhiteElo "2112"]
[BlackElo "2338"]
[Annotator "RC"]
[PlyCount "96"]
[EventDate "2023.10.22"]
[EventType "team-tourn"]
[EventCountry "SRB"]
[SourceTitle "playchess.com"]
[Source "ChessBase"]
[SourceQuality "1"]
[TimeControl "40/5400+30:1800+30"]

1. d4 d5 2. Nf3 Nf6 3. c3 Bf5 4. Qb3 Qc8 5. Bf4 e6 6. c4 dxc4 7. Qxc4 Bxb1 8. Rxb1 Nc6 9. g3 Bb4+ 10. Bd2 Bxd2+ 11. Nxd2 O-O 12. Bg2 Ne7 13. O-O c6 14. b4 Qd7 15. e3 Rac8 16. Qe2 Ned5 17. Rfc1 Qe7 18. Nc4 Nxb4 19. Na5 b6 20. Nxc6 Nxc6 21. Bxc6 Rc7 22. Bf3 Rfc8 23. Rxc7 Rxc7 24. Qb5 Qa3 25. Qe5 Qe7 26. Qb5 h6 27. a4 Ne8 28. Qb3 Nd6 29. Rb2 Qf6 30. Kg2 Qg6 31. Qd1 Qf5 32. d5 e5 33. a5 bxa5 34. Rb8+ Kh7 35. Rd8 Qf6 36. Qb1+ e4 37. Bxe4+ g6 38. Ra8 Rb7 39. Qd3 a4 40. Bf3 h5 41. h4 Rb3 42. Qa6 a3 43. Qxa7 Nf5 44. Qa4 Nxe3+ 45. Kh2 Qxf3 46. Rh8+ Kxh8 47. Qd4+ Kh7 48. fxe3 Rb2+ 0-1

[Event "2nd Serbian League-Vojvodina 2023"]
[Site "Novi Sad"]
[Date "2023.11.04"]
[Round "3.9"]
[White "Stankovic, Milos M"]
[Black "Szalai, Kornel"]
[Result "1/2-1/2"]
[ECO "E81"]
[WhiteElo "2249"]
[BlackElo "2383"]
[Annotator "RC"]
[PlyCount "107"]
[EventDate "2023.10.22"]
[EventType "team-tourn"]
[EventCountry "SRB"]
[SourceTitle "playchess.com"]
[Source "ChessBase"]
[SourceQuality "1"]
[TimeControl "40/5400+30:1800+30"]

1. d4 Nf6 2. c4 g6 3. Nc3 Bg7 4. e4 d6 5. f3 O-O 6. Be3 c5 7. dxc5 dxc5 8. Qxd8 Rxd8 9. Bxc5 Nc6 10. Nd5 Nd7 11. Bxe7 Nxe7 12. Nxe7+ Kf8 13. Nd5 Bxb2 14. Rb1 Bd4 15. Ne2 Bc5 16. h4 h5 17. Nef4 Bd6 18. Be2 Nc5 19. g3 b6 20. Kf2 Ba6 21. Rhc1 Rac8 22. Nd3 Nxd3+ 23. Bxd3 Rc5 24. f4 Ra5 25. Rc2 f5 26. Rd1 Ra3 27. e5 Bc5+ 28. Ke2 Bb7 29. Nc7 Ke7 30. Nb5 Raxd3 31. Rxd3 Rxd3 32. Kxd3 Be4+ 33. Kc3 Bxc2 34. Kxc2 Bf2 35. Kd3 Bxg3 36. Ke3 Bxh4 37. Nxa7 Ke6 38. Nc8 Bd8 39. Na7 Be7 40. Nb5 Bc5+ 41. Kf3 Kd7 42. Nc3 Kc6 43. a4 Be7 44. Nd5 Bd8 45. e6 Kd6 46. e7 Bxe7 47. Nxb6 Kc6 48. Nd5 Bd8 49. a5 Bxa5 50. Ne7+ Kc5 51. Nxg6 Kxc4 52. Nh4 Bc7 53. Nxf5 Bxf4 54. Ke4 1/2-1/2

[Event "2nd Serbian League-Vojvodina 2023"]
[Site "Novi Sad"]
[Date "2023.11.04"]
[Round "3.10"]
[White "Nadj Hedjesi, Balind"]
[Black "Milekic, Daniel"]
[Result "1-0"]
[ECO "B23"]
[WhiteElo "2227"]
[BlackElo "2236"]
[Annotator "RC"]
[PlyCount "87"]
[EventDate "2023.10.22"]
[EventType "team-tourn"]
[EventCountry "SRB"]
[SourceTitle "playchess.com"]
[Source "ChessBase"]
[SourceQuality "1"]
[TimeControl "40/5400+30:1800+30"]

1. e4 c5 2. Nc3 d6 3. d4 cxd4 4. Qxd4 Nc6 5. Qd2 g6 6. b3 Bh6 7. f4 f5 8. Bb2 Nf6 9. Bd3 Qa5 10. exf5 Bxf5 11. Nge2 Bxd3 12. Qxd3 O-O 13. O-O-O Bg7 14. Kb1 Rac8 15. a3 Qf5 16. Rhe1 Qxd3 17. Rxd3 a6 18. h3 Rf7 19. Re3 Nh5 20. Nd5 Bxb2 21. Kxb2 e5 22. g3 Rcf8 23. Rd1 Ng7 24. Re4 Ne6 25. Nb6 Rd8 26. b4 g5 27. fxe5 dxe5 28. Rxd8+ Nexd8 29. Nc4 Re7 30. Nc3 Nf7 31. Nd5 Re6 32. c3 Kg7 33. a4 Nd6 34. Nxd6 Rxd6 35. c4 Re6 36. Kc3 Kg6 37. g4 h5 38. c5 Nd4 39. Nb6 h4 40. Kc4 Nc6 41. b5 axb5+ 42. axb5 Nd8 43. Nd7 Nf7 44. Nf8+ 1-0

[Event "2nd Serbian League-Vojvodina 2023"]
[Site "Novi Sad"]
[Date "2023.11.04"]
[Round "3.11"]
[White "Radlovacki, Jovan"]
[Black "Juhasz, Bence R"]
[Result "0-1"]
[ECO "B53"]
[WhiteElo "2268"]
[BlackElo "2210"]
[Annotator "RC"]
[PlyCount "72"]
[EventDate "2023.10.22"]
[EventType "team-tourn"]
[EventCountry "SRB"]
[SourceTitle "playchess.com"]
[Source "ChessBase"]
[SourceQuality "1"]
[TimeControl "40/5400+30:1800+30"]

1. e4 c5 2. Nf3 d6 3. d4 cxd4 4. Qxd4 Nc6 5. Qe3 Nf6 6. Nc3 e6 7. Bb5 a6 8. Bxc6+ bxc6 9. O-O Be7 10. Na4 Rb8 11. c4 O-O 12. Rd1 d5 13. e5 Nd7 14. cxd5 cxd5 15. b3 Bb7 16. Bb2 Bc6 17. Rd4 Qc7 18. Rc1 Rfc8 19. Qe1 Qb7 20. Nc3 Nc5 21. Qe3 Nd7 22. Rg4 Nf8 23. Ne2 Be8 24. Rxc8 Rxc8 25. Qd2 Qc7 26. Ned4 Ng6 27. h4 h5 28. Rg5 Bxg5 29. Qxg5 Qe7 30. Qxh5 Nf4 31. Qg4 Nd3 32. Ng5 g6 33. h5 Nxb2 34. hxg6 fxg6 35. Ndxe6 Nd3 36. Qd4 Nc5 0-1

[Event "2nd Serbian League-Vojvodina 2023"]
[Site "Novi Sad"]
[Date "2023.11.04"]
[Round "3.13"]
[White "Georgiev, Krum"]
[Black "Agdelen, Huseyin Can"]
[Result "0-1"]
[ECO "B31"]
[WhiteElo "2294"]
[BlackElo "2401"]
[Annotator "RC"]
[PlyCount "64"]
[EventDate "2023.10.22"]
[EventType "team-tourn"]
[EventCountry "SRB"]
[SourceTitle "playchess.com"]
[Source "ChessBase"]
[SourceQuality "1"]
[TimeControl "40/5400+30:1800+30"]

1. e4 c5 2. Nf3 Nc6 3. Bb5 g6 4. c3 Nf6 5. e5 Nd5 6. d4 cxd4 7. Qb3 Nc7 8. Bc4 Ne6 9. cxd4 Na5 10. Qc3 Nxc4 11. Qxc4 b5 12. Qb3 Bb7 13. Be3 a5 14. Nc3 b4 15. d5 Nc7 16. Rd1 bxc3 17. Qxb7 Rb8 18. Qa7 cxb2 19. O-O Nxd5 20. Bd4 e6 21. Nd2 Qc8 22. Nc4 Ra8 23. Nb6 Rxa7 24. Nxc8 Rb7 25. Rb1 Ba3 26. Nd6+ Bxd6 27. exd6 O-O 28. Rxb2 Rxb2 29. Bxb2 Rb8 30. Bd4 f6 31. Rc1 e5 32. Ba7 Ra8 0-1

[Event "2nd Serbian League-Vojvodina 2023"]
[Site "Novi Sad"]
[Date "2023.11.04"]
[Round "3.14"]
[White "Lalic, Bogdan"]
[Black "Indjic, Dusan"]
[Result "1/2-1/2"]
[ECO "D37"]
[WhiteElo "2345"]
[BlackElo "2304"]
[Annotator "RC"]
[PlyCount "31"]
[EventDate "2023.10.22"]
[EventType "team-tourn"]
[EventCountry "SRB"]
[SourceTitle "playchess.com"]
[Source "ChessBase"]
[SourceQuality "1"]
[TimeControl "40/5400+30:1800+30"]

1. Nf3 d5 2. d4 Nf6 3. c4 e6 4. Nc3 Be7 5. Bf4 O-O 6. e3 b6 7. cxd5 Nxd5 8. Nxd5 exd5 9. Bd3 c5 10. dxc5 bxc5 11. O-O Nc6 12. Ne5 Nxe5 13. Bxe5 Be6 14. Rc1 c4 15. Be2 Bf6 16. Ra1 1/2-1/2

[Event "2nd Serbian League-Vojvodina 2023"]
[Site "Novi Sad"]
[Date "2023.11.04"]
[Round "3.15"]
[White "Mijatovic, Dusan"]
[Black "Grujic, Zoran"]
[Result "0-1"]
[ECO "B96"]
[WhiteElo "2139"]
[BlackElo "2315"]
[Annotator "RC"]
[PlyCount "47"]
[EventDate "2023.10.22"]
[EventType "team-tourn"]
[EventCountry "SRB"]
[SourceTitle "playchess.com"]
[Source "ChessBase"]
[SourceQuality "1"]
[TimeControl "40/5400+30:1800+30"]

1. e4 c5 2. Nf3 d6 3. d4 cxd4 4. Nxd4 Nf6 5. Nc3 a6 6. Bg5 e6 7. f4 h6 8. Bh4 Qb6 9. Qd2 Be7 10. e5 dxe5 11. fxe5 Ne4 12. Nxe4 Bxh4+ 13. g3 Be7 14. O-O-O Nd7 15. Qf4 O-O 16. Bd3 Qa5 17. Nf3 Qxa2 18. h4 Qa1+ 19. Kd2 Qxb2 20. Rb1 Qa3 21. Neg5 Nc5 22. Bh7+ Kh8 23. Ra1 Nb3+ 24. cxb3 0-1

[Event "2nd Serbian League-Vojvodina 2023"]
[Site "Novi Sad"]
[Date "2023.11.04"]
[Round "3.16"]
[White "Dragojlovic, Andjelko"]
[Black "Mijatovic, Dejan"]
[Result "1-0"]
[ECO "C44"]
[WhiteElo "2108"]
[BlackElo "2185"]
[Annotator "RC"]
[PlyCount "99"]
[EventDate "2023.10.22"]
[EventType "team-tourn"]
[EventCountry "SRB"]
[SourceTitle "playchess.com"]
[Source "ChessBase"]
[SourceQuality "1"]
[TimeControl "40/5400+30:1800+30"]

1. e4 e5 2. Nf3 Nf6 3. d3 Nc6 4. c3 d5 5. Nbd2 Be7 6. Be2 O-O 7. O-O Be6 8. a3 a5 9. b3 dxe4 10. dxe4 Nd7 11. Bb2 f6 12. b4 Qe8 13. Nc4 b5 14. Ne3 Na7 15. Nd5 Bd8 16. a4 bxa4 17. Rxa4 c6 18. Ne3 Qf7 19. Qa1 Kh8 20. Nd2 Bb6 21. Ndc4 axb4 22. cxb4 Bxe3 23. Nxe3 Nb6 24. Ra5 Rfb8 25. Rc1 Qb7 26. h4 Nb5 27. h5 h6 28. Bc3 Rd8 29. Rd1 Rxd1+ 30. Nxd1 Rd8 31. Ne3 Nd4 32. Bd1 Kh7 33. Ra7 Qb8 34. Ra5 Nb5 35. Be2 Nd4 36. Qb2 Qd6 37. Ra6 Rb8 38. Bf1 Qd7 39. Qa1 Nb5 40. Qb2 Nd4 41. Qa1 Nb5 42. Qc1 Qb7 43. Ra5 Nxc3 44. Qxc3 Nd7 45. Ra4 Nb6 46. Ra6 Ra8 47. Ra5 Bf7 48. Be2 Rb8 49. Bg4 Nc8 50. Qc5 1-0

[Event "2nd Serbian League-Vojvodina 2023"]
[Site "Novi Sad"]
[Date "2023.11.04"]
[Round "3.17"]
[White "Rosic, Slavko S"]
[Black "Ilincic, Aleksa"]
[Result "1-0"]
[ECO "B19"]
[WhiteElo "2212"]
[BlackElo "2235"]
[Annotator "RC"]
[PlyCount "74"]
[EventDate "2023.10.22"]
[EventType "team-tourn"]
[EventCountry "SRB"]
[SourceTitle "playchess.com"]
[Source "ChessBase"]
[SourceQuality "1"]
[TimeControl "40/5400+30:1800+30"]

1. e4 c6 2. d4 d5 3. Nc3 dxe4 4. Nxe4 Bf5 5. Ng3 Bg6 6. h4 h6 7. h5 Bh7 8. Nf3 Nd7 9. Bd3 Bxd3 10. Qxd3 e6 11. Bf4 Qa5+ 12. c3 Ngf6 13. a4 Be7 14. b4 Qd8 15. Ne4 Nxe4 16. Qxe4 Nf6 17. Qd3 Qd5 18. Be5 O-O 19. Kf1 a5 20. c4 Qd8 21. b5 cxb5 22. axb5 a4 23. Rh3 Qa5 24. Nd2 Rfd8 25. Qe2 Nd7 26. Rg3 Bf6 27. Ne4 Bxe5 28. dxe5 Qc7 29. Nd6 Nf8 30. Qg4 f5 31. Qd4 Nd7 32. f4 Nc5 33. Qc3 Rd7 34. Kg1 Nb3 35. Rf1 Qc5+ 36. Kh2 b6 37. Qf3 Raa7 1-0

[Event "2nd Serbian League-Vojvodina 2023"]
[Site "Novi Sad"]
[Date "2023.11.04"]
[Round "3.18"]
[White "Stikovic, Dobrica"]
[Black "Bojkovic, Slobodan"]
[Result "0-1"]
[ECO "A34"]
[WhiteElo "2162"]
[BlackElo "2031"]
[Annotator "RC"]
[PlyCount "58"]
[EventDate "2023.10.22"]
[EventType "team-tourn"]
[EventCountry "SRB"]
[SourceTitle "playchess.com"]
[Source "ChessBase"]
[SourceQuality "1"]
[TimeControl "40/5400+30:1800+30"]

1. c4 c5 2. Nc3 Nf6 3. Nf3 Nc6 4. g3 d5 5. cxd5 Nxd5 6. Bg2 Nc7 7. d3 e5 8. O-O Be7 9. Be3 O-O 10. Nd2 Nd4 11. Nc4 f6 12. Rc1 Rb8 13. f4 exf4 14. Bxf4 Nde6 15. Be3 b6 16. Qb3 Kh8 17. a4 Bd7 18. Na3 Be8 19. Nab5 a6 20. Nxc7 Nxc7 21. Bf4 Bd6 22. Kh1 Bf7 23. Qa3 a5 24. Bxd6 Qxd6 25. Ne4 Qd7 26. Nd2 Nd5 27. Bxd5 Bxd5+ 28. Nf3 Rfe8 29. Rf2 Rxe2 0-1

[Event "2nd Serbian League-Vojvodina 2023"]
[Site "Novi Sad"]
[Date "2023.11.04"]
[Round "3.19"]
[White "Mezentsev, Ivan"]
[Black "Balla, Tamas-Kristof"]
[Result "1/2-1/2"]
[ECO "E62"]
[WhiteElo "2360"]
[BlackElo "2308"]
[Annotator "RC"]
[PlyCount "63"]
[EventDate "2023.10.22"]
[EventType "team-tourn"]
[EventCountry "SRB"]
[SourceTitle "playchess.com"]
[Source "ChessBase"]
[SourceQuality "1"]
[TimeControl "40/5400+30:1800+30"]

1. d4 Nf6 2. c4 g6 3. Nc3 Bg7 4. Nf3 O-O 5. g3 d6 6. Bg2 Bf5 7. Nh4 Bc8 8. O-O c6 9. e4 e5 10. Nf3 Bg4 11. dxe5 Bxf3 12. Bxf3 dxe5 13. Qb3 Qc7 14. Be3 Nbd7 15. c5 Rfd8 16. Be2 Bf8 17. Qc4 Nxc5 18. a4 Ne6 19. Rad1 Qa5 20. Kg2 Bc5 21. Bc1 Qb4 22. Qa2 Rd4 23. Rxd4 exd4 24. e5 dxc3 25. exf6 cxb2 26. Bxb2 Qe4+ 27. Bf3 Qc2 28. Bd1 Qe4+ 29. Bf3 Qf5 30. Qb3 Ng5 31. Rd1 h5 32. Qd3 1/2-1/2

[Event "2nd Serbian League-Vojvodina 2023"]
[Site "Novi Sad"]
[Date "2023.11.04"]
[Round "3.20"]
[White "Kopasz, Robert"]
[Black "Mushini Ajay"]
[Result "0-1"]
[ECO "B51"]
[WhiteElo "2241"]
[BlackElo "2301"]
[Annotator "RC"]
[PlyCount "62"]
[EventDate "2023.10.22"]
[EventType "team-tourn"]
[EventCountry "SRB"]
[SourceTitle "playchess.com"]
[Source "ChessBase"]
[SourceQuality "1"]
[TimeControl "40/5400+30:1800+30"]

1. e4 c5 2. Nf3 d6 3. Bb5+ Nd7 4. c4 e5 5. Nc3 g6 6. d3 Bg7 7. h4 h6 8. h5 g5 9. Nh2 a6 10. Ba4 Ne7 11. g4 Nc6 12. Be3 Nf8 13. Nf1 Ne6 14. Ng3 Nf4 15. O-O O-O 16. a3 Nd4 17. f3 Be6 18. Nd5 b5 19. Bc2 a5 20. Bxd4 exd4 21. b3 bxc4 22. bxc4 Bxd5 23. cxd5 c4 24. dxc4 d3 25. Ba4 Qb6+ 26. Kh1 Qb2 27. Rg1 Nh3 28. Qc1 Rab8 29. Bb5 Nxg1 30. Qxb2 Bxb2 31. Rxg1 Bxa3 0-1

[Event "2nd Serbian League-Vojvodina 2023"]
[Site "Novi Sad"]
[Date "2023.11.04"]
[Round "3.21"]
[White "Jotic, Vladimir"]
[Black "Pletl, Akos"]
[Result "0-1"]
[ECO "A07"]
[WhiteElo "2280"]
[BlackElo "2155"]
[Annotator "RC"]
[PlyCount "72"]
[EventDate "2023.10.22"]
[EventType "team-tourn"]
[EventCountry "SRB"]
[SourceTitle "playchess.com"]
[Source "ChessBase"]
[SourceQuality "1"]
[TimeControl "40/5400+30:1800+30"]

1. Nf3 d5 2. g3 Nf6 3. Bg2 Nc6 4. O-O e5 5. d3 Be7 6. c3 O-O 7. Nbd2 Re8 8. e4 dxe4 9. dxe4 a5 10. a4 b6 11. Qb3 Bc5 12. Nc4 Qe7 13. Nh4 Ba6 14. Re1 Qe6 15. Bf1 Ng4 16. Be3 Bxe3 17. fxe3 Nf6 18. Rad1 Nxe4 19. Nd2 Qxb3 20. Nxb3 Bxf1 21. Kxf1 Rad8 22. Ke2 f6 23. Nf3 Kf7 24. Nfd2 Nxd2 25. Nxd2 Rd7 26. Nc4 Rxd1 27. Rxd1 Rd8 28. Rf1 Ke6 29. e4 g6 30. Ne3 Ne7 31. g4 Rh8 32. Rf3 h5 33. Rh3 h4 34. Rf3 Rd8 35. Rf1 g5 36. b3 Ng6 0-1

[Event "2nd Serbian League-Vojvodina 2023"]
[Site "Novi Sad"]
[Date "2023.11.04"]
[Round "3.22"]
[White "Nagy, Attila N"]
[Black "Mikheev, Stanislav"]
[Result "1/2-1/2"]
[ECO "A30"]
[WhiteElo "2164"]
[BlackElo "2288"]
[Annotator "RC"]
[PlyCount "94"]
[EventDate "2023.10.22"]
[EventType "team-tourn"]
[EventCountry "SRB"]
[SourceTitle "playchess.com"]
[Source "ChessBase"]
[SourceQuality "1"]
[TimeControl "40/5400+30:1800+30"]

1. Nf3 Nf6 2. c4 c5 3. Nc3 e6 4. g3 b6 5. Bg2 Bb7 6. O-O Be7 7. d4 cxd4 8. Qxd4 d6 9. b3 a6 10. Ba3 O-O 11. Rfd1 Ne8 12. Ne4 Ra7 13. c5 bxc5 14. Bxc5 Nc6 15. Qe3 Ra8 16. Bb6 Qb8 17. Rac1 Nc7 18. Bxc7 Qxc7 19. Nd4 d5 20. Nc5 Bxc5 21. Rxc5 Qd6 22. Nxc6 Bxc6 23. Rdc1 Bd7 24. Qd4 Rac8 25. e4 Rxc5 26. Rxc5 Bc6 27. exd5 Bxd5 28. Bxd5 Rd8 29. Ra5 exd5 30. b4 g6 31. a3 h5 32. h4 Qc6 33. Rc5 Qe6 34. Kg2 Kh7 35. Rc7 Kg8 36. Qe3 Qxe3 37. fxe3 d4 38. exd4 Rxd4 39. Rc6 a5 40. b5 Rd2+ 41. Kh3 Rb2 42. b6 Kg7 43. a4 Rb4 44. Rc5 Rxb6 45. Rxa5 Rb2 46. Ra6 Ra2 47. Ra5 f6 1/2-1/2

[Event "2nd Serbian League-Vojvodina 2023"]
[Site "Novi Sad"]
[Date "2023.11.04"]
[Round "3.23"]
[White "Bulajic, Ratko"]
[Black "Gusev, Mikhail"]
[Result "1-0"]
[ECO "A43"]
[WhiteElo "2075"]
[BlackElo "2012"]
[Annotator "NA RC"]
[PlyCount "66"]
[EventDate "2023.10.22"]
[EventType "team-tourn"]
[EventCountry "SRB"]
[SourceTitle "playchess.com"]
[Source "ChessBase"]
[SourceQuality "1"]
[TimeControl "40/5400+30:1800+30"]

1. d4 Nf6 2. Nf3 c5 3. d5 g6 4. Nc3 d6 5. e4 Bg7 6. h3 O-O 7. Bf4 Na6 8. Qd2 Nc7 9. a4 b6 10. Bc4 Bb7 11. O-O a6 12. Rfe1 Nh5 13. Bh2 Qd7 14. e5 b5 15. Bf1 b4 16. Ne4 Nxd5 17. exd6 exd6 18. Bxd6 Rfc8 19. Ne5 Qd8 20. Bc4 Nhf4 21. Nxf7 Qh4 22. Bxf4 Nxf4 23. Nfd6+ Kh8 24. Nxb7 Rf8 25. c3 Rae8 26. Nbd6 Bh6 27. Qd1 Re5 28. Nf7+ Rxf7 29. Bxf7 Qe7 30. Nd6 Rxe1+ 31. Qxe1 Qxd6 32. Rd1 Qc7 33. Qe8+ Kg7 1-0

[Event "2nd Serbian League-Vojvodina 2023"]
[Site "Novi Sad"]
[Date "2023.11.04"]
[Round "3.24"]
[White "Vranic, Ljubomir"]
[Black "Roganovic, Nebojsa"]
[Result "0-1"]
[ECO "D00"]
[WhiteElo "2090"]
[BlackElo "2129"]
[Annotator "RC"]
[PlyCount "35"]
[EventDate "2023.10.22"]
[EventType "team-tourn"]
[EventCountry "SRB"]
[SourceTitle "playchess.com"]
[Source "ChessBase"]
[SourceQuality "1"]
[TimeControl "40/5400+30:1800+30"]

1. d4 d5 2. Nc3 Bf5 3. Bf4 c6 4. e3 Nf6 5. f3 h6 6. g4 Bh7 7. Bd3 e6 8. Nge2 Nbd7 9. Qd2 Bxd3 10. Qxd3 b5 11. a3 a5 12. Nd1 Qb6 13. Nec3 g5 14. Bg3 h5 15. gxh5 Nxh5 16. Bf2 Bh6 17. Ne2 O-O-O 18. Ndc3 0-1

[Event "2nd Serbian League-Vojvodina 2023"]
[Site "Novi Sad"]
[Date "2023.11.04"]
[Round "4.1"]
[White "Balla, Tamas-Kristof"]
[Black "Nevednichy, Vladislav"]
[Result "0-1"]
[ECO "D00"]
[WhiteElo "2308"]
[BlackElo "2447"]
[Annotator "ChessBase"]
[PlyCount "74"]
[EventDate "2023.10.22"]
[EventType "team-tourn"]
[EventCountry "SRB"]
[SourceTitle "playchess.com"]
[Source "ChessBase"]
[SourceQuality "1"]
[TimeControl "40/5400+30:1800+30"]

1. d4 Nf6 2. Nc3 d5 3. Bf4 a6 4. e3 e6 5. a3 c5 6. Nf3 Nc6 7. Bd3 c4 8. Be2 b5 9. Ne5 Bb7 10. O-O Be7 11. Bf3 O-O 12. h3 Re8 13. g4 Nxe5 14. Bxe5 Bc6 15. Bg2 a5 16. Ne2 b4 17. a4 Nd7 18. Bh2 Nb6 19. b3 Bb7 20. f4 Ba6 21. g5 Rc8 22. Rf2 Rc6 23. h4 g6 24. h5 Nc8 25. Ng3 Nd6 26. Kh1 cxb3 27. cxb3 Rc3 28. e4 dxe4 29. Nxe4 Nxe4 30. Bxe4 Qd7 31. Rd2 Bb7 32. d5 Bxd5 33. Bxd5 exd5 34. Rxd5 Qc6 35. Kg1 Bc5+ 36. Kf1 Qe6 37. f5 Qe4 0-1

[Event "2nd Serbian League-Vojvodina 2023"]
[Site "Novi Sad"]
[Date "2023.11.04"]
[Round "4.2"]
[White "Stoleriu, George"]
[Black "Kopasz, Robert"]
[Result "1-0"]
[ECO "C77"]
[WhiteElo "2400"]
[BlackElo "2241"]
[Annotator "ChessBase"]
[PlyCount "105"]
[EventDate "2023.10.22"]
[EventType "team-tourn"]
[EventCountry "SRB"]
[SourceTitle "playchess.com"]
[Source "ChessBase"]
[SourceQuality "1"]
[TimeControl "40/5400+30:1800+30"]

1. e4 e5 2. Nf3 Nc6 3. Bb5 a6 4. Ba4 Nf6 5. d3 d6 6. c4 Be7 7. h3 O-O 8. Nc3 Bd7 9. O-O Nb8 10. d4 Bxa4 11. Qxa4 Nc6 12. d5 Nd4 13. Qd1 Nxf3+ 14. Qxf3 Nd7 15. Qg3 Kh8 16. Rb1 h6 17. b4 b6 18. Ne2 Bg5 19. Bb2 Qe7 20. Qc3 Bf6 21. Nc1 g6 22. Nb3 Bg7 23. c5 f5 24. Qc2 fxe4 25. Qxe4 Kh7 26. cxb6 cxb6 27. Rbc1 Nf6 28. Qd3 Nh5 29. Rc4 b5 30. Rc6 Rf7 31. Bc1 Raf8 32. Be3 Nf4 33. Qe4 Rf5 34. Re1 Qd7 35. Rxa6 Rg5 36. Bxf4 Rxf4 37. Qe3 Rxb4 38. Nd2 e4 39. Nxe4 Re5 40. Nf6+ Bxf6 41. Ra7 Qg7 42. Rxg7+ Bxg7 43. Qc3 Rc4 44. Qa1 Rxd5 45. Qb1 Rcd4 46. Qc2 Re5 47. Rb1 b4 48. g3 h5 49. Kg2 Rc5 50. Qe2 Re5 51. Qf3 Rf5 52. Qe3 Re5 53. Qxd4 1-0

[Event "2nd Serbian League-Vojvodina 2023"]
[Site "Novi Sad"]
[Date "2023.11.04"]
[Round "4.3"]
[White "Gusev, Mikhail"]
[Black "Sekulic, Dusan"]
[Result "1-0"]
[ECO "C64"]
[WhiteElo "2012"]
[BlackElo "2145"]
[Annotator "NA"]
[PlyCount "85"]
[EventDate "2023.10.22"]
[EventType "team-tourn"]
[EventCountry "SRB"]
[SourceTitle "playchess.com"]
[Source "ChessBase"]
[SourceQuality "1"]
[TimeControl "40/5400+30:1800+30"]

1. e4 e5 2. Nf3 Nc6 3. Bb5 a6 4. Ba4 Bc5 5. c3 Nge7 6. O-O Ng6 7. d4 Ba7 8. Bxc6 dxc6 9. Nxe5 Nxe5 10. dxe5 Qh4 11. Qf3 Bg4 12. Qf4 O-O-O 13. h3 h5 14. Qg5 Qxg5 15. Bxg5 Rd3 16. hxg4 hxg4 17. Re1 g3 18. Be3 Bxe3 19. fxe3 Rh2 20. b4 Kd7 21. a4 Ke6 22. Ra2 Kxe5 23. Nd2 Rh5 24. Rc2 g6 25. Kf1 Rh1+ 26. Ke2 Rxe3+ 27. Kxe3 Rxe1+ 28. Kf3 b5 29. Kxg3 Re3+ 30. Kf2 Rd3 31. a5 c5 32. Nf3+ Kd6 33. Rd2 Rxd2+ 34. Nxd2 cxb4 35. cxb4 c5 36. Ke3 f6 37. Nb3 cxb4 38. Kd4 Kc6 39. Nc5 f5 40. exf5 gxf5 41. Nxa6 b3 42. Nb4+ Kb7 43. Kc3 1-0